 Dungeon Crawl Stone Soup version 0.25.1-9-gc5326a611f (webtiles) character file.

Game seed: 15738567894468816746

23 growler the Insei (level 2, -4/21 HPs)
             Began as a Merfolk Transmuter on Dec 27, 2020.
             Was an Initiate of Cheibriados.
             Slain by a howler monkey (7 damage)
             ... on level 2 of the Dungeon.
             The game lasted 00:02:38 (1052 turns).

growler the Insei (Merfolk Transmuter)              Turns: 1052, Time: 00:02:38

Health: -4/21      AC:  2    Str: 11    XL:     2   Next: 95%
Magic:  5/5        EV: 13    Int: 13    God:    Cheibriados [......]
Gold:   54         SH:  0    Dex: 15    Spells: 4/5 levels left

rFire    . . .     SeeInvis .     - Unarmed
rCold    . . .     Gourm    .   (no shield)
rNeg     . . .     Faith    .   b - +0 robe
rPois    .         Spirit   .   (no helmet)
rElec    .         Reflect  .   (no cloak)
rCorr    .         Harm     .   (no gloves)
MR       .....                  (no boots)
Stlth    +.........             (no amulet)
HPRegen  0.07/turn              (no ring)
MPRegen  0.09/turn              (no ring)

@: appendage (expiring), very slow
A: change form in water, swift swim, stealthy swim, horns 2
a: End Transformation, Bend Time, Renounce Religion


You were on level 2 of the Dungeon.
You worshipped Cheibriados.
Cheibriados was noncommittal.
You were not hungry.
You had grown temporary horns.
You visited 1 branch of the dungeon, and saw 2 of its levels.

You collected 54 gold pieces.

Inventory:

Missiles
 a - 12 arrows
 c - 5 curare-tipped darts (quivered) {!f}
Armour
 b - a +0 robe (worn)
Scrolls
 f - a scroll of identify {unknown}
Potions
 d - a potion of curing {unknown}
 g - a potion of flight {unknown}
Comestibles
 e - a ration {!d}


   Skills:
 - Level 1.1 Fighting
 - Level 2.6 Dodging
 + Level 3.7 Unarmed Combat
 + Level 2.4 Spellcasting
 + Level 3.3 Transmutations


You had 4 spell levels left.
You knew the following spells:

 Your Spells              Type           Power        Failure   Level  Hunger
a - Beastly Appendage     Tmut           ##....       6%          1    #......

Your spell library contained the following spells:

 Spells                   Type           Power        Failure   Level  Hunger
 Sticks to Snakes         Tmut           ##......     9%          2    ###....
 Spider Form              Tmut/Pois      #.........   36%         3    ###....
 Ice Form                 Ice/Tmut       #.......     77%         4    #####..
 Blade Hands              Tmut           ##........   86%         5    ######.


Dungeon Overview and Level Annotations

Branches:
Dungeon (2/15)

Altars:
Cheibriados


Innate Abilities, Weirdness & Mutations

You revert to your normal form in water.
You are very nimble and swift while swimming.
You are very stealthy in the water. (Stealth+)
You have a pair of horns on your head.


Message History

There is a stone staircase leading down here.
You climb downwards.
There is a stone staircase leading up here.
Found 5 curare-tipped darts.
You see here 5 curare-tipped darts {!f}.
c - 5 curare-tipped darts {!f}
There is a stone staircase leading up here.
Found a glowing hand axe.
You see here a glowing hand axe.
A frilled lizard comes into view.
The frilled lizard hisses angrily.
The frilled lizard barely misses you. The frilled lizard misses you.
You barely miss the frilled lizard. The frilled lizard closely misses you.
You closely miss the frilled lizard. You miss the frilled lizard.
The frilled lizard barely misses you.
You hit the frilled lizard.
You kill the frilled lizard!
Cheibriados appreciates the change of pace.
No target in view!
You butcher the frilled lizard corpse.
h - a chunk of flesh You see here a frilled lizard skeleton. x2
Eating a chunk of flesh.
You eat the chunk of flesh.
A howler monkey comes into view.
The howler monkey howls!
The howler monkey hoots and howls with incredible vigour!
You grow a pair of large bovine horns.
You barely miss the howler monkey. You headbutt the howler monkey.
The howler monkey misses you.
You hit the howler monkey but do no damage.
You headbutt the howler monkey. The howler monkey hits you.
You hit the howler monkey. The howler monkey barely misses you.
You hit the howler monkey. The howler monkey closely misses you.
The howler monkey hoots and howls with incredible vigour!
You hit the howler monkey but do no damage.
Your transformation is almost over.
The howler monkey misses you.
You hit the howler monkey.
The howler monkey hits you but does no damage.
You closely miss the howler monkey. The howler monkey hits you.
You hit the howler monkey but do no damage.
Your headbutt misses the howler monkey. The howler monkey closely misses you.
You hit the howler monkey but do no damage.
The howler monkey hits you. The howler monkey misses you.
You closely miss the howler monkey.
The howler monkey hoots and howls with incredible vigour!
You hit the howler monkey. The howler monkey hits you!
* * * LOW HITPOINT WARNING * * *
You barely miss the howler monkey. The howler monkey hits you!
You die...

#.####.#.# #.#
#.#.# #.#
#...###### #.#
###......#
#.######.####.#
#......#.# .#
######.#.#
.######
#.#รท####h#....#
#.#....@.##.#.#
#.#########.#.#
#.....<.....#.#
#######.#.....#
#...#.#####
#.###.# #.###.#
#.....# #######


You could see a howler monkey (catching breath).

Vanquished Creatures
  A dart slug (D:1)
  4 goblins (D:1)
  4 hobgoblins (D:1)
  A kobold (D:1)
  5 bats (D:1)
  A frilled lizard (D:2)
  3 rats (D:1)
19 creatures vanquished.

Notes
Turn   | Place    | Note
-------+----------+-------------------------------------------
     0 | D:1      | growler the Merfolk Transmuter began the quest for the Orb.
     0 | D:1      | Reached XP level 1. HP: 15/15 MP: 3/3
   109 | D:1      | Reached XP level 2. HP: 11/21 MP: 5/5
   339 | D:1      | Found a snail-covered altar of Cheibriados.
   435 | D:1      | Became a worshipper of Cheibriados the Contemplative
  1039 | D:2      | Noticed a howler monkey
  1052 | D:2      | Slain by a howler monkey

Illustrated notes

Levels and vault maps discovered:
D:1:      lemuel_arrival_river_ford, layout_rooms, serial_co_window_serial,
          co_window_corner_a, co_window_paths_b, co_window_paths_b,
          co_window_of_opportunity_a, co_window_corner_a, co_window_corner_a,
          co_window_paths_a, co_window_paths_a, co_window_paths_a,
          co_window_unsneaky_path_c, co_window_broadway_b, co_window_corner_b,
          glass_columns_a, glass_columns_a, glass_columns_a, glass_columns_a,
          cheibriados_altar_1
D:2:      layout_basic, nicolae_ru_the_path_less_chosen, first_ration,
          uniq_natasha, uniq_terence

Skill      XL: |  1 |
---------------+----+-----
Transmutations | 3 |  3.3
Fighting       | |  1.1
Dodging        | |  2.6
Unarmed Combat | |  3.7
Spellcasting   | |  2.4

Action                   || total
-------------------------++-------
Melee: Unarmed           ||    59
       Headbutt          ||     3
       Punch             ||     1
 Cast: Beastly Appendage ||     6
  Eat: Chunk             ||     1
Armor: Robe              ||    13
Dodge: Dodged            ||    49
